 Dungeon Crawl Stone Soup version 0.29.1 (webtiles) character file.

Game seed: 9177888309433158860

71043 DemonSlayer the Thaumaturge (level 14, 0/88 HPs)
             Began as a Demonspawn Fire Elementalist on Sept 14, 2022.
             Was the Champion of Cheibriados.
             Slain by a troll (1 damage)
             ... on level 11 of the Dungeon.
             The game lasted 01:17:44 (23997 turns).

DemonSlayer the Thaumaturge (DsFE)                 Turns: 23997, Time: 01:17:44

Health: 0/88       AC: 17    Str: 23      XL:     14   Next: 96%
Magic:  0/58       EV: 18    Int: 35      God:    Cheibriados [******]
Gold:   664        SH:  0    Dex: 26 (27) Spells: 0/40 levels left

rFire   + + +      SeeInvis .   e - +7 great mace "Firestarter" {inner flame, rF++}
rCold   + . .      Faith    .   (shield currently unavailable)
rNeg    . . .      Spirit   +   J - +5 ring mail "Pab Facic" {Will- MP+9 Slay+2}
rPois   .          Reflect  .   f - +0 helmet
rElec   .          Harm     .   j - +2 cloak
rCorr   +          Rampage  .   L - +0 pair of gloves "Ytrug" {*Slow rC+ Regen+ rCorr}
Will    .....                   (boots unavailable)
Stlth   ++........              a - amulet of Xom's Entertainment {rF++ Regen+ rCorr Stlth-}
HPRegen 0.00/turn               F - ring of magical power
MPRegen 0.72/turn               n - ring of magical power

@: sick, unable to read, unable to drink, very slow
A: hooves 3, repulsion field 2, powered by pain 3, magic shield, magic
regeneration, [clumsy 1], [frail 1], [screaming 1], [weak 1], [inability to
drink after injury 2], [inability to read after injury 2]
a: Renounce Religion, Bend Time, Temporal Distortion, Slouch, Step From Time


You were on level 11 of the Dungeon.
You worshipped Cheibriados.
Cheibriados was exalted by your worship.
You visited 4 branches of the dungeon, and saw 19 of its levels.
You visited the Abyss 1 time.
You also visited: Sewer and Gauntlet.

You collected 2444 gold pieces.
You spent 1780 gold pieces at shops.

Inventory:

Hand Weapons
 e - the +7 great mace "Firestarter" (weapon) {inner flame, rF++}
   (You bought it in a shop on level 2 of the Orcish Mines)

   It burns those it strikes, dealing additional fire damage.
   It fills those it strikes with an explosive inner flame.
   It grants immunity to clouds of flame.
   rF:        It greatly protects you from fire.
Missiles
 h - a throwing net
Armour
 f - a +0 helmet (worn)
 j - a +2 cloak (worn)
 J - the +5 ring mail "Pab Facic" (worn) {Will- MP+9 Slay+2}
   (You found it in a sewer)

   Slay:      It affects your accuracy & damage with ranged weapons and melee
   (+2).
   MP:        It affects your magic capacity (+9).
   Will:      It decreases your willpower.
 L - the +0 pair of gloves "Ytrug" (worn) {*Slow rC+ Regen+ rCorr}
   (You found it in a Gauntlet)

   rC:        It protects you from cold.
   Regen:     It increases your rate of health regeneration.
   rCorr:     It protects you from acid and corrosion.
   *Slow:     It may slow you when you take damage.
Jewellery
 a - the amulet of Xom's Entertainment (around neck) {rF++ Regen+ rCorr Stlth-}
   (You acquired it on level 6 of the Dungeon)

   [amulet of regeneration]

   rF:        It greatly protects you from fire.
   Regen:     It increases your rate of health regeneration.
   rCorr:     It protects you from acid and corrosion.
   Stlth:     It makes you less stealthy.
 n - a ring of magical power (right hand)
 C - a ring of poison resistance
 F - a ring of magical power (left hand)
Wands
 l - a wand of iceblast (16)
 s - a wand of digging (1)
 v - a wand of charming (12)
 z - a wand of acid (7)
 D - a wand of flame (11)
 E - a wand of polymorph (14)
 H - a wand of mindburst (16)
Scrolls
 c - a scroll of enchant weapon {unknown}
 g - 2 scrolls of enchant armour
 k - 2 scrolls of poison
 o - 2 scrolls of silence
 u - 7 scrolls of teleportation
 y - 4 scrolls of immolation
 A - 3 scrolls of vulnerability
 G - a scroll of brand weapon
 I - a scroll of fog
 K - a scroll of torment {unknown}
Potions
 b - 2 potions of magic
 d - 4 potions of flight
 i - 4 potions of curing
 m - 2 potions of mutation
 p - a potion of heal wounds
 r - 3 potions of attraction
 P - a potion of lignification
 S - a potion of cancellation


   Skills:
 + Level 5.0 Fighting
 + Level 6.5(7.0) Axes
 + Level 3.9(5.8) Maces & Flails
 + Level 7.2 Armour
 + Level 5.5 Dodging
 + Level 3.9 Stealth
 + Level 5.2 Shields
 + Level 13.8 Spellcasting
 + Level 10.1 Conjurations
 + Level 9.4 Fire Magic
 + Level 8.4 Earth Magic
 + Level 0.9 Evocations


You couldn't memorise any spells.
You knew the following spells:

 Your Spells              Type           Power      Damage    Failure   Level
a - Foxfire               Conj/Fire      100%       2x1d9     1%          1
b - Scorch                Fire           100%       2d10      1%          2
c - Conjure Flame         Conj/Fire      75%        6-21      1%          3
d - Flame Wave            Conj/Fire      75%        2d17      1%          4
e - Summon Guardian Gole  Hex/Summ       24%        N/A       8%          3
f - Stone Arrow           Conj/Erth      100%       3d13      1%          3
g - Tukima's Dance        Hex            24%        N/A       8%          3
h - Call Canine Familiar  Summ           24%        N/A       8%          3
i - Dispersal             Tloc           12%        N/A       98%         6
j - Teleport Other        Tloc           24%        N/A       8%          3
k - Freezing Cloud        Conj/Ice/Air   23%        6-21      17%         5
l - Hailstorm             Conj/Ice       56%        3d12      3%          4

Your spell library contained the following spells:

 Spells                   Type           Power      Damage    Failure   Level
 Sandblast                Erth           100%       2d20      1%          1
 Passwall                 Tmut/Erth      43%        N/A       1%          2
 Static Discharge         Conj/Air       56%        3-10/arc  1%          2
 Inner Flame              Hex/Fire       55%        N/A       1%          3
 Summon Small Mammal      Summ           96%        N/A       2%          1
 Poisonous Vapours        Pois/Air       48%        N/A       3%          2
 Gell's Gravitas          Tloc           24%        N/A       8%          3
 Portal Projectile        Hex/Tloc       48%        N/A       8%          3
 Iron Shot                Conj/Erth      36%        9d7       9%          6
 Corpse Rot               Necr/Pois/Air  24%        N/A       24%         4
 Summon Lightning Spire   Summ/Air       24%        N/A       24%         4
 Blade Hands              Tmut           12%        N/A       56%         5
 Simulacrum               Ice/Necr       12%        N/A       98%         6
 Malign Gateway           Summ/Tloc      12%        N/A       100%        7
 Summon Hydra             Summ           12%        N/A       100%        7
 Chain Lightning          Conj/Air       28%        3d37      100%        9
 Polar Vortex             Ice            12%        N/A       100%        9


Dungeon Overview and Level Annotations

Branches:
Dungeon (11/15)            Temple (1/1) D:4            Lair (5/5) D:8
 Shoals (0/4) Lair:3       Spider (0/4) Lair:3        Slime (0/5) Lair:4
    Orc (2/2) D:9             Elf (0/3) Orc:2         Sewer (visited)
Gauntlet (visited)

Altars:
Ashenzari
Cheibriados
Dithmenos
Fedhas
Gozag
Hepliaklqana
Kikubaaqudgha
Makhleb
Nemelex Xobeh
Okawaru
Qazlal
Ru
Sif Muna
Trog
Uskayaw
Vehumet
Wu Jian
Xom
Yredelemnul
Jiyva

Shops:
D:2 ((!:(   D:9 *   Orc:2 (([*

Annotations:
D:6 2 runed translucent doors, AlmostDecent's ghost, novice DgFi
D:11 Erolcha
Lair:4 1 runed translucent door


Innate Abilities, Weirdness & Mutations

You have hooves in place of feet.
You are surrounded by a moderate repulsion field. (EV +3)
You are powered by pain.
When hurt, damage is shared between your health and your magic reserves.
You regenerate magic rapidly.
[You are clumsy. (Dex -2)]
[You are frail. (-10% HP)]
[You occasionally shout uncontrollably at your foes.]
[You are weak. (Str -2)]
[You sometimes lose the ability to drink potions when taking damage.]
[You sometimes lose the ability to read scrolls when taking damage.]


Message History

You feel a bit more experienced.
The shadow wraith explodes!
The fiery explosion engulfs you. You resist.
You hear a bark!
You hear a horrible gurgling sound! x3
You feel your dexterity returning.
Unknown command.
Unknown command.
You start resting.
The substance of the Abyss twists violently, and a gateway leading out appears!
You start resting.
You can drink potions again.
You start resting.
You can read scrolls again.
You start resting.
A crimson imp comes into view.
You feel yourself speed up.
The crimson imp shouts!
You pass through the gate.
Welcome back to the Dungeon!
Level annotation: Erolcha Blink to where?
Press: ? - help, Dir - move target
As you read the scroll of blinking, it crumbles to dust.
As you read the scroll of teleportation, it crumbles to dust.
You feel strangely unstable.
Your surroundings suddenly seem different.
A troll comes into view.
Found 9 gold pieces.
Found an escape hatch in the ceiling and an escape hatch in the floor.
The troll shouts!
You hear a bellow!
The troll bites you but does no damage. The troll claws you but does no damage.
The troll completely misses you.
Erolcha points at you and mumbles some strange words.
You resist the pull of the Abyss. The troll bites you!
You feel threatened and lose the ability to read scrolls!
You feel threatened and lose the ability to drink potions!
The troll claws you! x2
There is an escape hatch in the ceiling here.
The troll bites you! The troll claws you. x2
You die...

#.######### #
#..$....... .
#.......... ...
#.........# #..
#.>.......# #..
#.........########..
#...T...............
#..@...O............
#...................
#...................
#...................
########..# #####...
.# #..# # #..# #...
####


You could see Erolcha and a troll.

Vanquished Creatures
  Saint Roka (Orc:2)
  A tentacled starspawn (Abyss:1)
  An orc warlord (Orc:1)
  A minotaur (Gauntlet)
  A blizzard demon (Gauntlet)
  Josephine (D:10)
  5 hydras
  A boulder beetle (Lair:5)
  2 two-headed ogres
  3 catoblepae (Lair:5)
  21 death yaks
  A tengu warrior (Gauntlet)
  3 orc high priests
  Nergalle (D:10)
  2 wretched stars (Abyss:1)
  A shadow wraith (Abyss:1)
  A deep troll (Lair:4)
  2 orc knights
  4 orc sorcerers
  2 manticores (Lair:5)
  3 elephants (Lair:5)
  A black mamba (Lair:3)
  13 cane toads
  A minotaur zombie (Gauntlet)
  3 rime drakes
  A hellion (Abyss:1)
  A kobold demonologist (D:10)
  A tengu conjurer (Gauntlet)
  7 komodo dragons
  An ancient zyme (Abyss:1)
  4 trolls
  7 polar bears
  Grinder (D:4)
  A hornet (D:9)
  6 raiju (Abyss:1)
  A wind drake (Lair:3)
  3 blink frogs (Lair:5)
  11 dream sheep (Lair:5)
  9 starcursed masses (Abyss:1)
  3 wyverns (D:8)
  A ynoxinul (Abyss:1)
  5 wraiths
  6 shadows
  58 yaks
  4 basilisks
  4 steam dragons
  4 wargs (Orc:2)
  2 acid dragons
  13 water moccasins
  35 orc warriors
  2 large abominations (Abyss:1)
  3 ice beasts
  10 ogres
  2 centaurs
  A phantom (D:4)
  4 kobold brigands
  13 bullfrogs
  2 necrophages (D:6)
  A scorpion (D:6)
  3 small abominations (Abyss:1)
  5 wights (D:8)
  9 killer bees (D:10)
  2 howler monkeys
  3 quasits (Abyss:1)
  21 orc priests
  3 gnoll boudas
  8 hounds
  3 iguanas
  16 orc wizards
  13 gnolls
  7 adders
  A river rat (D:6)
  4 white imps
  3 ufetubi
  2 worms
  72 orcs
  5 ball pythons
  10 bats
  6 endoplasms
  4 giant cockroaches
  3 goblins
  7 hobgoblins
  5 jackals
  27 kobolds
  6 quokkas
  3 frilled lizards
  8 rats
  3 tentacles (Abyss:1)
565 creatures vanquished.

Vanquished Creatures (others)
  308 foxfires
  16 fungi
  27 plants
  3 starspawn tentacles (Abyss:1)
  9 tentacles (Abyss:1)
363 creatures vanquished.

Grand Total: 928 creatures vanquished

Notes
Turn   | Place    | Note
-------+----------+-------------------------------------------
     0 | D:1      | DemonSlayer the Demonspawn Fire Elementalist began the
                  | quest for the Orb.
     0 | D:1      | Reached XP level 1. HP: 13/13 MP: 3/3
   489 | D:1      | Gained mutation: You sometimes gain a little power by
                  | taking damage. [demonic ancestry]
   489 | D:1      | Reached XP level 2. HP: 14/19 MP: 1/5
   493 | D:1      | Learned a level 2 spell: Scorch
  1449 | D:1      | Found a faded altar of an unknown god.
  2228 | D:2      | Gained mutation: You are surrounded by a mild repulsion
                  | field. (EV +2) [demonic ancestry]
  2228 | D:2      | Reached XP level 3. HP: 24/24 MP: 3/6
  2486 | D:2      | Found Koavug's Weapon Shoppe.
  2702 | D:2      | Found Fuqyf's Book Shoppe.
  2709 | D:2      | Found Yzxy's Distillery.
  2785 | D:2      | Found Tajugeci's Antique Weapon Shoppe.
  3175 | D:2      | Found Liqul's Weapon Emporium.
  3290 | D:2      | Learned a level 3 spell: Conjure Flame
  4385 | D:3      | Reached XP level 4. HP: 30/30 MP: 2/7
  4884 | D:4      | Noticed a phantom
  4890 | D:4      | Noticed Grinder
  4892 | D:4      | Killed a phantom
  4892 | D:4      | Paralysed by Grinder for 4 turns
  4893 | D:4      | Reached skill level 3 in Spellcasting
  4893 | D:4      | Gained mutation: You have large cloven feet. [demonic
                  | ancestry]
  4893 | D:4      | Reached XP level 5. HP: 35/35 MP: 1/10
  4901 | D:4      | Killed Grinder
  4902 | D:4      | Reached skill level 4 in Spellcasting
  4902 | D:4      | Gained mutation: You are surrounded by a moderate repulsion
                  | field. (EV +3) [demonic ancestry]
  4902 | D:4      | Reached XP level 6. HP: 28/41 MP: 0/12
  5284 | D:4      | Reached skill level 5 in Fire Magic
  5286 | D:4      | Reached XP level 7. HP: 33/46 MP: 4/13
  5397 | D:4      | Found a staircase to the Ecumenical Temple.
  5896 | D:4      | Learned a level 4 spell: Flame Wave
  5900 | D:4      | Learned a level 3 spell: Summon Guardian Golem
  5911 | Temple   | Entered the Ecumenical Temple
  5918 | Temple   | Became a worshipper of Cheibriados the Contemplative
  5969 | D:5      | Entered Level 5 of the Dungeon
  6106 | D:5      | You fall into a shaft and drop 3 floors!
  6595 | D:6      | Found a runed translucent door.
  6644 | D:6      | Found a glowing drain.
  6787 | Sewer    | Entered a sewer
  6792 | Sewer    | Reached * piety under Cheibriados
  6906 | Sewer    | Reached skill level 5 in Spellcasting
  6963 | Sewer    | Identified the +5 ring mail "Pab Facic" {Will- MP+9 Slay+2}
  6965 | Sewer    | Identified the ring "Michyn" {Wiz rF+ Int+4 SInv Stlth-}
  7038 | D:6      | Identified a scroll of acquirement
  7038 | D:6      | Acquired the amulet of Xom's Entertainment {rF++ Regen+
                  | rCorr Stlth-}
  7356 | D:6      | Gained mutation: You regenerate magic rapidly. [demonic
                  | ancestry]
  7356 | D:6      | Reached XP level 8. HP: 53/53 MP: 16/16
  7486 | D:6      | Reached skill level 6 in Spellcasting
  7570 | D:6      | Found a runed translucent door.
  7575 | D:6      | Noticed AlmostDecent's ghost (novice DgFi)
  7671 | D:6      | Reached skill level 1 in Shields
  7721 | D:6      | Learned a level 3 spell: Stone Arrow
  7725 | D:6      | Learned a level 3 spell: Tukima's Dance
  7812 | D:5      | Reached ** piety under Cheibriados
  8101 | D:5      | Reached skill level 7 in Spellcasting
  8585 | D:5      | Found a shimmering altar of Xom.
  9203 | D:7      | Found a hazy altar of Hepliaklqana.
  9339 | D:7      | Gained mutation: You have hoof-like feet. [demonic
                  | ancestry]
  9339 | D:7      | Reached XP level 9. HP: 54/58 MP: 19/19
  9464 | D:7      | Reached skill level 1 in Armour
  9863 | D:7      | Reached *** piety under Cheibriados
 10398 | D:8      | Reached skill level 1 in Fighting
 10445 | D:8      | Reached skill level 8 in Spellcasting
 10487 | D:8      | Reached skill level 1 in Axes
 10542 | D:8      | Found a staircase to the Lair.
 10669 | D:8      | Gained mutation: You have hooves in place of feet. [demonic
                  | ancestry]
 10669 | D:8      | Reached XP level 10. HP: 65/65 MP: 22/22
 10987 | Lair:1   | Entered Level 1 of the Lair of Beasts
 11012 | Lair:1   | Noticed a cane toad
 11014 | Lair:1   | Noticed a cane toad
 11024 | Lair:1   | Noticed a cane toad
 11030 | Lair:1   | Killed a cane toad
 11033 | Lair:1   | Killed a cane toad
 11034 | Lair:1   | Reached skill level 9 in Spellcasting
 11119 | Lair:1   | Killed a cane toad
 11155 | Lair:1   | Noticed a cane toad
 11162 | Lair:1   | Killed a cane toad
 11210 | Lair:1   | Noticed a cane toad
 11219 | Lair:1   | Killed a cane toad
 11346 | Lair:1   | Reached **** piety under Cheibriados
 11349 | Lair:1   | Reached skill level 1 in Earth Magic
 11493 | Lair:1   | Gained mutation: When hurt, damage is shared between your
                  | health and your magic reserves. [demonic ancestry]
 11493 | Lair:1   | Reached XP level 11. HP: 72/72 MP: 24/24
 11504 | Lair:1   | Reached skill level 10 in Spellcasting
 12535 | Lair:1   | Learned a level 3 spell: Call Canine Familiar
 12593 | Lair:2   | Reached skill level 5 in Armour
 12949 | Lair:2   | Found a blossoming altar of Fedhas.
 12949 | Lair:2   | Noticed a five-headed hydra
 12959 | Lair:2   | Killed a five-headed hydra
 13308 | Lair:2   | Identified the +10 hand axe "Dragonbane" {drain, rPois rN+}
 13596 | Lair:2   | Learned a level 6 spell: Dispersal
 13698 | Lair:3   | Noticed a six-headed hydra
 13700 | Lair:3   | Found a staircase to the Shoals.
 13871 | Lair:3   | Identified the +2 cloak of Theory {*Corrode rF+ Int+4}
 13872 | Lair:3   | Found a hole to the Spider Nest.
 13884 | Lair:3   | Noticed a death yak
 13885 | Lair:3   | Noticed a death yak
 13885 | Lair:3   | Noticed a death yak
 13885 | Lair:3   | Noticed a death yak
 13885 | Lair:3   | Noticed a death yak
 13885 | Lair:3   | Noticed a death yak
 13899 | Lair:3   | Killed a death yak
 13900 | Lair:3   | Reached skill level 5 in Conjurations
 13905 | Lair:3   | Killed a death yak
 13905 | Lair:3   | Reached ***** piety under Cheibriados
 13922 | Lair:3   | Killed a death yak
 13923 | Lair:3   | Gained mutation: You sometimes gain power by taking damage.
                  | [demonic ancestry]
 13923 | Lair:3   | Reached XP level 12. HP: 81/81 MP: 10/26
 13932 | Lair:3   | Killed a death yak
 13933 | Lair:3   | Reached skill level 11 in Spellcasting
 13941 | Lair:3   | Killed a death yak
 13942 | Lair:3   | Killed a death yak
 14262 | Lair:3   | Noticed a six-headed hydra
 14267 | Lair:3   | Killed a six-headed hydra
 14414 | Lair:3   | Killed a six-headed hydra
 14553 | Lair:3   | Reached skill level 5 in Axes
 14966 | Lair:4   | Found a runed translucent door.
 14966 | Lair:4   | Found a viscous altar of Jiyva.
 14999 | Lair:4   | Found a staircase to the Slime Pits.
 15172 | Lair:4   | Noticed a four-headed hydra
 15177 | Lair:4   | Killed a four-headed hydra
 15317 | Lair:4   | Noticed a four-headed hydra
 15323 | Lair:4   | Killed a four-headed hydra
 15883 | Lair:4   | Reached skill level 5 in Earth Magic
 15910 | Lair:4   | Learned a level 3 spell: Teleport Other
 15933 | Lair:5   | Entered Level 5 of the Lair of Beasts
 15947 | Lair:5   | Noticed a boulder beetle
 16214 | Lair:5   | Killed a boulder beetle
 16217 | Lair:5   | Reached XP level 13. HP: 87/87 MP: 28/28
 16278 | Lair:4   | Reached skill level 12 in Spellcasting
 16537 | Lair:5   | Reached ****** piety under Cheibriados
 18129 | D:9      | Reached skill level 5 in Shields
 18243 | D:9      | Found Hifiucw's Gadget Gallery.
 18251 | D:9      | Gained mutation: You are powered by pain. [demonic
                  | ancestry]
 18251 | D:9      | Reached XP level 14. HP: 95/95 MP: 30/30
 18463 | D:9      | Found a staircase to the Orcish Mines.
 18684 | Orc:1    | Entered Level 1 of the Orcish Mines
 18699 | Orc:1    | Reached skill level 13 in Spellcasting
 19090 | Orc:1    | Found a bloodstained altar of Trog.
 19335 | Orc:1    | Learned a level 5 spell: Freezing Cloud
 19335 | Orc:1    | Acquired 497 gold pieces
 19352 | Orc:2    | Entered Level 2 of the Orcish Mines
 19412 | Orc:2    | Found a gate leading to a gauntlet.
 19418 | Gauntlet | Entered a Gauntlet
 19418 | Gauntlet | Found a transporter.
 19418 | Gauntlet | Found a transporter.
 19418 | Gauntlet | Found a transporter.
 19429 | Gauntlet | Found a transporter.
 19431 | Gauntlet | Found a transporter.
 19435 | Gauntlet | Found a runed translucent door.
 19435 | Gauntlet | Found a runed translucent door.
 19439 | Gauntlet | Found a transporter.
 19442 | Gauntlet | Found a transporter.
 19446 | Gauntlet | Noticed a reaper
 19458 | Gauntlet | Found a transporter.
 19468 | Gauntlet | Found a transporter.
 19485 | Gauntlet | Found a transporter.
 19488 | Gauntlet | Found a transporter.
 19498 | Gauntlet | Found a transporter.
 19677 | Gauntlet | Reached skill level 5 in Dodging
 20027 | Gauntlet | Identified the +0 pair of gloves "Ytrug" {*Slow rC+ Regen+
                  | rCorr}
 20059 | Gauntlet | Identified the +4 short sword of Edwishocee {elec, rN+}
 20081 | Gauntlet | Identified the +0 scale mail of Magic {Stlth+}
 20081 | Gauntlet | Identified the +3 leather armour of Death Resistance {rN++
                  | Str+3}
 20082 | Gauntlet | Got the Atlas of Combat Magic
 20082 | Gauntlet | Got the Encyclopedia of the Ditch-Digger
 20364 | Orc:2    | Found Pavoas's Antique Weapon Shoppe.
 20545 | Orc:2    | Found a staircase to the Elven Halls.
 20643 | Orc:2    | Paralysed by an orc sorcerer for 2 turns
 21048 | Orc:2    | Noticed Saint Roka
 21558 | Orc:2    | Found Dam Tat's Assorted Antiques.
 21756 | Orc:2    | Killed Saint Roka
 21865 | Orc:2    | Found Pamais's Antique Armour Shoppe.
 21872 | Orc:2    | Found Doeri's Antique Weapon Emporium.
 21879 | Orc:2    | Bought the +7 great mace "Firestarter" {inner flame, rF++}
                  | for 1780 gold pieces
 21879 | Orc:2    | Found the +7 great mace "Firestarter" {inner flame, rF++}
 22072 | Orc:1    | Noticed an orc warlord
 22096 | Orc:1    | Killed an orc warlord
 22097 | Orc:1    | Reached skill level 1 in Maces & Flails
 22603 | Orc:1    | Learned a level 4 spell: Hailstorm
 22690 | D:10     | Entered Level 10 of the Dungeon
 22834 | D:10     | Noticed Nergalle
 22838 | D:10     | Killed Nergalle
 23118 | D:10     | Noticed Josephine
 23122 | D:10     | Killed Josephine
 23123 | D:10     | Reached skill level 10 in Conjurations
 23189 | D:10     | Found a radiant altar of Vehumet.
 23575 | D:11     | Noticed Erolcha
 23593 | Abyss:1  | Cast into level 1 of the Abyss (Erolcha)
 23740 | Abyss:1  | Noticed a kraken
 23748 | Abyss:1  | Noticed a starcursed mass
 23755 | Abyss:1  | Paralysed by accursed screaming for 1 turns
 23766 | Abyss:1  | Noticed a tentacled starspawn
 23775 | Abyss:1  | Killed a tentacled starspawn
 23925 | Abyss:1  | Reached skill level 5 in Fighting
 23942 | Abyss:1  | HP: 2/88 [raiju/living lightning (5)]
 23991 | D:11     | Escaped the Abyss
 23997 | D:11     | Slain by a troll

Illustrated notes

Levels and vault maps discovered:
D:1:      erik_arrival_cave_to_civilisation [erik_arrival_cave_to_hall],
          layout_basic, hellmonk_ecumenical_altar_heavens_door
D:2:      layout_basic, serial_shops, nicolae_shop_advertising_works
          [nicolae_subvault_shop_adworks], nicolae_square_shop, shop_statue,
          nicolae_lakefront_shop, shop_fountains
D:3:      layout_rooms, nrook_uturn, st_stairs_3
D:4:      layout_layer_cave, minmay_temple_entry_gardened_gates, uniq_grinder
D:5:      layout_basic, amethyst_overflow_temple_binary, grunt_decor_resistance
D:6:      layout_basic, portal_sewer_entry_c, ebering_ghost_sewer_f
D:7:      layout_loops_cross, worldfamousw_hep_ancestral_shrine,
          kennysheep_doodads
D:8:      layout_basic, erik_lair_dragon
D:9:      layout_loops_ring, david_orc_3, nicolae_shop_gadgets
D:10:     layout_loops_ring, vehumet_crystals, uniq_nergalle, uniq_josephine
D:11:     layout_long_grid, uniq_erolcha
Temple:   nicolae_temple_no_exploring_needed
Lair:1:   layout_misc_corridors, infiniplex_staircase_pool_2
Lair:2:   layout_misc_corridors, basic_altar, st_stairs_9, fungi_pond_lemuel
Lair:3:   layout_cave_pods, minmay_shoals_entry_beasts,
          spider_nest_entry_web_field
Lair:4:   dreamdust_cave_troll, layout_cave_shapes, slime_entry_2
Lair:5:   evilmike_catoblepas_cave, layout_long_grid, cheibrodos_lair_lostbears
Orc:1:    layout_diamond_mine, basic_altar
Orc:2:    grunt_orc_community_town_hall, layout_caves,
          grunt_orc_community_big_house_1, grunt_orc_community_big_house_1,
          grunt_orc_community_house_2, grunt_orc_community_house_1,
          grunt_orc_community_house_2, grunt_orc_community_house_2,
          gauntlet_entry_generic

Skill      XL: |  1  2  3  4  5  6  7  8  9 10 11 12 13 14 |
---------------+-------------------------------------------+-----
Fire Magic     | 3 4 5 7 8 9 |  9.4
Stealth        | 2 3 |  3.9
Spellcasting   | 3 4 5 7 8 9 10 11 12 13 | 13.8
Dodging        | 2 3 4 5 |  5.5
Conjurations   | 2 3 5 7 8 10 | 10.1
Shields        | 1 2 3 4 5 |  5.2
Armour         | 3 4 5 6 7 |  7.2
Fighting       | 1 3 4 5 |  5.0
Axes           | 1 4 5 6 |  6.5
Earth Magic    | 1 3 5 7 8 |  8.4
Maces & Flails | 3 |  3.9
Evocations     | |  0.9

Action                   |  1- 3 |  4- 6 |  7- 9 | 10-12 | 13-15 || total
-------------------------+-------+-------+-------+-------+-------++-------
Melee: Club              |    31 |    34 |     1 |       |       ||    66
       Unarmed           |     1 |       |       |       |       ||     1
       Punch             |     1 |       |       |       |       ||     1
       War axe           |       |       |    16 |    56 |       ||    72
       Kick              |       |       |       |    51 |    85 ||   136
       Hand axe          |       |       |       |    39 |    83 ||   122
       Great mace        |       |       |       |       |    98 ||    98
Throw: Throwing net      |       |       |       |       |     2 ||     2
       Dart              |       |       |       |       |     1 ||     1
 Cast: Foxfire           |   172 |       |       |     7 |       ||   179
       Scorch            |     2 |    22 |   196 |    16 |       ||   236
       Stone Arrow       |       |       |       |   238 |   492 ||   730
       Flame Wave        |       |       |       |     5 |     6 ||    11
       Summon Guardian G |       |       |       |       |     1 ||     1
Evoke: Wand              |       |     6 |       |       |     2 ||     8
  Use: Potion            |       |     1 |     4 |     4 |     7 ||    16
       Scroll            |       |       |    23 |     6 |    12 ||    41
 Stab: Invisible         |       |       |       |       |     1 ||     1
Armor: Robe              |     9 |    16 |     5 |       |       ||    30
       Ring mail         |       |       |    51 |    80 |   147 ||   278
Dodge: Dodged            |    35 |    79 |   106 |   154 |   344 ||   718
Block: Buckler           |       |       |    54 |   102 |   131 ||   287
